 Dungeon Crawl Stone Soup version 0.30.2 (webtiles) character file.

Game seed: 3155734426023709315

225 porpoise the Vexing (level 5, 0/35 HPs)
             Began as a Demonspawn Enchanter on Feb 3, 2024.
             Succumbed to an orc wizard's poison
             ... on level 4 of the Dungeon.
             The game lasted 00:12:48 (3371 turns).

porpoise the Vexing (Demonspawn Enchanter)          Turns: 3371, Time: 00:12:48

Health: 0/35       AC:  6    Str:  8    XL:     5   Next: 68%
Magic:  2/8        EV: 12    Int: 19    God:
Gold:   208        SH:  0    Dex: 13    Spells: 3/8 levels left

rFire   . . .        a - +1 dagger
rCold   . . .        (no shield)
rNeg    . . .        g - +0 robe
rPois   .            (no helmet)
rElec   +            (no cloak)
rCorr   .            h - +1 pair of gloves of the Cockroach {rElec}
SInv    .            l - +1 pair of boots
Will    .....        (no amulet)
Stlth   +++          (no ring)
HPRegen 0.25/turn    (no ring)
MPRegen 0.11/turn

%: no passive effects
@: mighty, brilliant, lethally poisoned (0 -> -2), invisible
A: spiny 1, demonic touch 1
a: no special abilities


You were on level 4 of the Dungeon.
You visited 1 branch of the dungeon, and saw 4 of its levels.

You collected 208 gold pieces.

Inventory:

Hand Weapons
 a - a +1 dagger (weapon)
 b - a +0 sling
Missiles
 q - a boomerang
Armour
 g - a +0 robe (worn)
 h - the +1 pair of gloves of the Cockroach (worn) {rElec}
   (You found it on level 3 of the Dungeon)

   rElec:     It insulates you from electricity.
 l - a +1 pair of boots (worn)
 n - a +2 pair of gloves
Magical Staves
 f - a staff of fire
Scrolls
 d - 2 scrolls of teleportation
 i - a scroll of fear {unknown}
 j - 2 scrolls of enchant armour
 k - a scroll of acquirement {unknown}
 r - a scroll of amnesia {unknown}
Potions
 c - a potion of invisibility
 m - a potion of flight
 o - a potion of attraction


   Skills:
 - Level 0.8 Short Blades
 - Level 1.7 Dodging
 + Level 4.2 Stealth
 - Level 2.2 Spellcasting
 + Level 4.4 Hexes
 + Level 2.4 Ice Magic


You had 3 spell levels left.
You knew the following spells:

 Your Spells              Type           Power      Damage    Failure   Level
a - Confusing Touch       Hex            28%        N/A       9%          3
e - Ensorcelled Hibernat  Hex/Ice        44%        N/A       6%          2

Your spell library contained the following spells:

 Spells                   Type           Power      Damage    Failure   Level
 Tukima's Dance           Hex            28%        N/A       9%          3
 Dazzling Flash           Conj/Hex       30%        N/A       21%         3
 Cigotuvi's Dreadful Rot  Necr/Pois/Air  6%         N/A       26%         2
 Poisonous Vapours        Pois/Air       6%         N/A       26%         2
 Mephitic Cloud           Conj/Pois/Air  3%         N/A       45%         3
 Dispel Undead            Necr           3%         3d7       86%         4
 Freezing Cloud           Conj/Ice/Air   3%         6-21      97%         5
 Death Channel            Necr           1%         N/A       100%        6


Dungeon Overview and Level Annotations

Branches:
Dungeon (4/15)
 Temple: D:4-7

Altars:

Annotations:
D:3 dig, 3 runed translucent doors, jpg7707's ghost, weakling DsBe


Innate Abilities, Weirdness & Mutations

You are partially covered in sharp spines.
Your touch may inflict minor irresistible damage on your foes.


Message History

The orc wizard casts a spell at you. The puff of flame hits you.
The orc wizard casts a spell at you. The magic dart hits you.
a - a +1 dagger (weapon)
You feel sick.
You barely miss the orc wizard.
The orc wizard is severely wounded.
You feel sick.
A goblin comes into view. It is wielding a +0 club.
The orc wizard hits you with a +2 dagger of venom.
You are lethally poisoned!
You hit the orc wizard but do no damage.
The orc wizard is severely wounded.
* * * LOW HITPOINT WARNING * * *
You feel very sick.
The orc wizard hits you but does no damage.
It was a potion of brilliance.
You feel clever all of a sudden.
* * * LOW HITPOINT WARNING * * *
You feel very sick. The orc wizard barely misses you.
It was a potion of might.
You feel very mighty all of a sudden.
* * * LOW HITPOINT WARNING * * *
You feel sick.
The orc wizard gestures at you while chanting.
You resist with some effort.
You hit the orc wizard.
You kill the orc wizard!
* * * LOW HITPOINT WARNING * * *
You feel sick.
You fade into invisibility!
* * * LOW HITPOINT WARNING * * *
You feel sick.
* * * LOW HITPOINT WARNING * * *
You feel sick.
* * * LOW HITPOINT WARNING * * *
You feel sick.
You die...

..............
..............
.............
#####.†..#############
#....#..'........#
#....'..#........#
#....##.###..###..
#.....#+###..#
#.....#.....@#
#.....+......#
#.....#......#
#.....#.....g#
#.....##+##)##
#..........w.#
#............#
.........# .........#


You could see a dart slug (unable to see you) and a goblin (unable to see you).

Vanquished Creatures
  A howler monkey (D:4)
  A hound (D:4)
  Jessica (D:2)
  An orc wizard (D:4)
  Robin (D:2)
  3 adders
  5 orcs (D:3)
  6 ball pythons
  3 bats
  7 endoplasms
  2 giant cockroaches
  10 goblins
  8 hobgoblins
  3 quokkas
  6 frilled lizards
  2 kobolds (D:2)
  4 rats
64 creatures vanquished.

Notes
Turn   | Place    | Note
-------+----------+-------------------------------------------
     0 | D:1      | porpoise the Demonspawn Enchanter began the quest for the
                  | Orb.
     0 | D:1      | Reached XP level 1. HP: 13/13 MP: 3/3
   290 | D:1      | Gained mutation: You are partially covered in sharp spines.
                  | [demonic ancestry]
   290 | D:1      | Reached XP level 2. HP: 19/19 MP: 5/5
   393 | D:1      | Learned a level 2 spell: Ensorcelled Hibernation
   576 | D:2      | Noticed Robin
   681 | D:2      | Noticed Jessica
   686 | D:2      | Killed Jessica
   687 | D:2      | Reached skill level 1 in Ice Magic
   687 | D:2      | Reached XP level 3. HP: 18/24 MP: 3/6
  1226 | D:2      | Reached XP level 4. HP: 24/30 MP: 7/7
  1254 | D:2      | Learned a level 3 spell: Confusing Touch
  1281 | D:2      | Killed Robin
  1991 | D:3      | Identified the +1 pair of gloves of the Cockroach {rElec}
  2190 | D:3      | Found a runed translucent gate.
  2190 | D:3      | Found a runed translucent gate.
  2190 | D:3      | Found a runed translucent gate.
  2209 | D:3      | Noticed jpg7707's ghost (weakling DsBe)
  2662 | D:3      | Found a faded altar of an unknown god.
  3134 | D:4      | Gained mutation: Your touch may inflict minor irresistible
                  | damage on your foes. [demonic ancestry]
  3134 | D:4      | Reached XP level 5. HP: 35/35 MP: 5/8
  3370 | D:4      | HP: 1/35 [poisoned by an orc wizard]
  3371 | D:4      | Succumbed to an orc wizard's poison

Illustrated notes

Levels and vault maps discovered:
D:1:      dpeg_arrival_tiny_h, layout_rooms
D:2:      layout_basic, minmay_misc_feat_columns, uniq_jessica, uniq_robin
D:3:      layout_basic, shapermc_ecumenical_altar_petra,
          gammafunk_ghost_necromancy, due_unseen_surprise
D:4:      layout_gridville, minmay_temple_entry_butterflies,
          hangedman_decor_points, minmay_misc_feat_four_crosses,
          palyth_stone_intersect

Skill      XL: |  1  2  3  4 |
---------------+-------------+-----
Stealth        | 3 4 |  4.2
Ice Magic      | 1 2 |  2.4
Hexes          | 4 |  4.4
Short Blades   | |  0.8
Dodging        | |  1.7
Spellcasting   | |  2.2

Action                     |  1- 3 |  4- 6 || total
---------------------------+-------+-------++-------
  Melee: Dagger            |    65 |    64 ||   129
         Touch             |       |     1 ||     1
   Fire: Sling             |    11 |    30 ||    41
   Cast: Ensorcelled Hiber |     5 |    17 ||    22
    Use: Scroll            |     1 |     4 ||     5
         Potion            |       |     4 ||     4
   Stab: Sleeping          |     9 |     9 ||    18
 Armour: Robe              |    11 |    23 ||    34
  Dodge: Dodged            |    39 |    40 ||    79
